 Dungeon Crawl Stone Soup version 0.28-a0-1184-g53156a8862 (console) character file.

Game seed: 8904608334652040890

207 jejorda2 the Chopper (level 5, -18/44 HPs)
             Began as a Palentonga Berserker on Dec 17, 2021.
             Was a Believer of Trog.
             Demolished by an orc warrior (20 damage)
             ... on level 4 of the Dungeon.
             The game lasted 00:05:49 (2554 turns).

jejorda2 the Chopper (Palentonga Berserker)         Turns: 2554, Time: 00:05:49

Health: -18/44     AC:  4    Str: 22    XL:     5   Next: 54%
Magic:  5/5        EV:  9    Int:  8    God:    Trog [**....]
Gold:   50         SH:  0    Dex:  9    Spells: 4/4 levels left

rFire   . . .      SeeInvis +   a - +2 hand axe
rCold   . . .      Faith    .   (no shield)
rNeg    + . .      Spirit   .   b - +0 animal skin
rPois   .          Reflect  .   (no helmet)
rElec   .          Harm     .   (no cloak)
rCorr   .          Rampage  .   (no gloves)
Will    .....                   (no barding)
Stlth   +.........              (no amulet)
HPRegen 0.14/turn               h - ring of positive energy
MPRegen 0.09/turn               (no ring)

@: on berserk cooldown, slowed, very slow
A: large, rugged brown scales 3, see invisible, deformed body, roll 1, armoured
tail
a: Rolling Charge, Renounce Religion, Berserk, Trog's Hand


You were on level 4 of the Dungeon.
You worshipped Trog.
Trog was pleased with you.
You visited 1 branch of the dungeon, and saw 4 of its levels.

You collected 50 gold pieces.

Inventory:

Hand Weapons
 a - a +2 hand axe (weapon)
 g - a +3 whip
 i - a +0 flail
 k - a +0 hand axe
Missiles
 e - 103 stones
 n - 6 poisoned darts
Armour
 b - a +0 animal skin (worn)
Jewellery
 h - a ring of positive energy (left hand)
Scrolls
 c - 3 scrolls of identify {unknown}
 j - a scroll of immolation {unknown}
 l - a scroll of blinking {unknown}
Potions
 d - a potion of mutation {unknown}
 f - 2 potions of curing
 m - a potion of degeneration {unknown}


   Skills:
 + Level 4.0 Fighting
 * Level 5.0 Axes
 + Level 2.7 Armour
 - Level 1.5 Dodging


You had 4 spell levels left.
You didn't know any spells.
Your spell library was empty.

Dungeon Overview and Level Annotations

Branches:
Dungeon (4/15)
 Temple: D:4-7

Altars:
Sif Muna
Trog
The Shining One

Annotations:
D:4 Grinder


Innate Abilities, Weirdness & Mutations

You are completely covered in rugged brown scales. (AC +3, +7% HP)
You have supernaturally acute eyesight. (SInv)
Armour fits poorly on your strangely shaped body.
You can roll at nearby foes to attack.
You have a long armoured tail.


Message History

You hit the orc wizard.
The orc wizard hits you but does no damage.
You slash the orc wizard!
You kill the orc wizard!
Trog accepts your kill.
Trog appreciates your killing of a magic user.
You closely miss the orc warrior. The orc warrior barely misses you.
Your Fighting skill increases to level 4!
Your Axes skill increases to level 5!
You hit the orc warrior.
The orc warrior is moderately wounded.
Grinder gestures at you. Pain shoots through your body!
The orc warrior hits you with a +1 long sword of holy wrath.
You are too injured to fight recklessly!
You are too injured to fight recklessly!
You are too injured to fight recklessly!
You are too injured to fight recklessly!
You are too injured to fight recklessly!
You closely miss the orc warrior.
Your tail-slap misses the orc warrior.
The orc warrior is moderately wounded.
You slash the orc warrior!
The orc warrior is heavily wounded.
The orc warrior hits you with a +1 long sword of holy wrath!
* * * LOW HITPOINT WARNING * * *
You barely miss the orc warrior.
Your tail-slap misses the orc warrior.
The orc warrior is heavily wounded.
You are no longer berserk.
You are exhausted.
You feel yourself slow down. Grinder gestures at you.
Pain shoots through your body!
* * * LOW HITPOINT WARNING * * *
The orc warrior barely misses you.
You hit the orc warrior but do no damage.
The orc warrior is heavily wounded.
You hit the orc. The orc hits you with a +0 dagger.
* * * LOW HITPOINT WARNING * * *
The orc warrior hits you with a +1 long sword of holy wrath!!
You die...

##...# #....## #.# #
##.#...## #.# .
##..#....######.##.
##..###............
#..## ##..######..#
..##...+#..## #..#
.##..#..##..####oo# ##
.#.#..##...##@)# # #._.#
###..5..# ##
.#.#..##...#....>....
.##..#..##..####.###.##.
..##...##..# #.# # #..##
#..# #.# ##..###... ..#
###..#..# .## .....#.# .


You could see Grinder, an orc warrior and an orc.

Vanquished Creatures
  A jelly (D:4)
  Jessica (D:3)
  An orc wizard (D:4)
  2 gnolls
  2 adders
  A white imp (D:3)
  An ufetubus (D:3)
  2 worms
  2 dart slugs
  An orc (D:4)
  6 ball pythons
  7 endoplasms
  4 giant cockroaches
  3 goblins
  4 hobgoblins
  2 jackals (D:3)
  3 kobolds
  6 quokkas
  9 bats
  6 frilled lizards
  2 rats
66 creatures vanquished.

Notes
Turn   | Place    | Note
-------+----------+-------------------------------------------
     0 | D:1      | jejorda2 the Palentonga Berserker began the quest for the
                  | Orb.
     0 | D:1      | Reached XP level 1. HP: 19/19 MP: 1/1
    84 | D:1      | Reached XP level 2. HP: 25/25 MP: 2/2
   446 | D:1      | Reached XP level 3. HP: 31/31 MP: 3/3
  1017 | D:2      | Reached skill level 4 in Axes
  1040 | D:2      | You fall into a shaft and drop 1 floor!
  1067 | D:3      | Reached ** piety under Trog
  1230 | D:2      | Reached XP level 4. HP: 37/37 MP: 4/4
  1504 | D:3      | Noticed Jessica
  1512 | D:3      | Killed Jessica
  1600 | D:3      | Found a bloodstained altar of Trog.
  1784 | D:3      | Found a faded altar of an unknown god.
  1825 | D:3      | Reached XP level 5. HP: 44/44 MP: 5/5
  1964 | D:3      | Found a shimmering blue altar of Sif Muna.
  2499 | D:4      | Found a glowing golden altar of the Shining One.
  2541 | D:4      | Noticed an orc warrior
  2545 | D:4      | Noticed Grinder
  2550 | D:4      | Reached skill level 5 in Axes
  2554 | D:4      | HP: 2/44 [orc (2)]
  2554 | D:4      | Demolished by an orc warrior

Illustrated notes

Levels and vault maps discovered:
D:1:      nzn_arrival_depleted_hourglass, layout_rooms, chequers_jeans,
          chequers_serial_rivers_room_a, minmay_indecisive_spiral
D:2:      layout_rooms
D:3:      layout_basic, nzn_overflow_gifts_of_might_and_magic,
          dreamdust_ecumenical_altar_statues, uniq_jessica
D:4:      layout_loops_cross, tso_metal_star, gammafunk_ghost_icy, serial_shops,
          shop, minmay_fractal_squares_5, uniq_grinder

Skill      XL: |  1  2  3  4  5 |
---------------+----------------+-----
Armour         | 2 |  2.7
Axes           | 4 5 |  5.0
Fighting       | 4 |  4.0
Dodging        | |  1.5

Action                   |  1- 3 |  4- 6 || total
-------------------------+-------+-------++-------
Melee: Hand axe          |    93 |    55 ||   148
       Tailslap          |     7 |     4 ||    11
Invok: Berserk           |     3 |     2 ||     5
 Abil: Rolling Charge    |    26 |    20 ||    46
Armor: Animal skin       |    41 |     9 ||    50
Dodge: Dodged            |    32 |    16 ||    48

Table legend: (Time is in decaauts)
 A = Elapsed time spent in this place.
 B = Non-inter-level travel time spent in this place.
 C = Inter-level travel time spent in this place.
 D = Time resting spent in this place.
 E = Time spent auto-exploring this place.
 F = Levels seen in this place.
 G = Mean time per level.
                   A        B        C        D        E       F      G
               +--------+--------+--------+--------+--------+-----+--------+
         Total |   2611 |   2514 |     97 |    188 |   1984 |   4 |  652.8 |
       Dungeon |   2611 |   2514 |     97 |    188 |   1984 |   4 |  652.8 |
               +--------+--------+--------+--------+--------+-----+--------+

Top non-repeatable levels by time:
     D:1: 1038 daAuts
     D:3: 1012 daAuts
     D:2: 446 daAuts
     D:4: 113 daAuts
